 Dungeon Crawl Stone Soup version 0.21.1-1-g345015fe64 (webtiles) character file.

242 Gargoyl the Skirmisher (level 5, -1/46 HPs)
             Began as a Centaur Abyssal Knight on May 3, 2018.
             Was a Follower of Lugonu.
             Slain by Fibo's ghost (8 damage)
             ... on level 3 of the Dungeon on May 4, 2018.
             The game lasted 00:06:49 (3282 turns).

Gargoyl the Skirmisher (Centaur Abyssal Knight)     Turns: 3282, Time: 00:06:49

Health: -1/46      AC: 10    Str: 14      XL:     5   Next: 81%
Magic:  6/6        EV:  0    Int: 11      God:    Lugonu [*.....]
Gold:   99         SH: 10    Dex:  7 (10) Spells: 4/4 levels left

rFire    . . .     SeeInvis .   a - +1 hand axe
rCold    . . .     Gourm    .   p - +0 large shield
rNeg     . . .     Faith    .   f - +0 chain mail
rPois    .         Spirit   .   h - +0 helmet (curse)
rElec    .         Reflect  .   (no cloak)
rCorr    .         Harm     .   l - +0 pair of gloves
MR       .....                  (no barding)
Stlth    ..........             (no amulet)
HPRegen  0.15/turn              q - ring of flight
MPRegen  0.10/turn              (no ring)

@: very quick
A: large, hooves 3, deformed body, deterioration 1, speed 2, low mp 1, tough
skin 3
a: Depart the Abyss, Renounce Religion, Evoke Flight


You were on level 3 of the Dungeon.
You worshipped Lugonu.
Lugonu was aware of your devotion.
You were hungry.

You visited 1 branch of the dungeon, and saw 3 of its levels.
You visited the Abyss 1 time.

You collected 99 gold pieces.

Inventory:

Hand Weapons
 a - a +1 hand axe (weapon)
Missiles
 d - 9 tomahawks (quivered)
Armour
 f - a +0 chain mail (worn)
 h - a cursed +0 helmet (worn)
 l - a +0 pair of gloves (worn)
 p - a +0 large shield (worn)
Jewellery
 q - a ring of flight (left hand)
Wands
 k - a wand of random effects (17)
 n - a wand of flame (28)
Scrolls
 b - 3 scrolls of remove curse
 e - a scroll of noise {unknown}
 i - a scroll of identify
 j - 2 scrolls of magic mapping
Potions
 g - 2 potions of haste
 m - a potion of resistance
 o - 2 potions of curing {unknown}
 r - a potion of might
Comestibles
 c - 7 rations


   Skills:
 + Level 4.1 Fighting
 + Level 2.6 Axes
 + Level 0.2 Throwing
 * Level 3.1 Armour
 + Level 0.8 Dodging
 * Level 3.1 Invocations


You had 4 spell levels left.
You didn't know any spells.

Dungeon Overview and Level Annotations

Branches:
Dungeon (3/15)

Altars:
Yredelemnul

Annotations:
D:3 Fibo's ghost, weakling DsFi


Innate Abilities, Weirdness & Mutations

You have hooves in place of feet.
Armour fits poorly on your strangely shaped body.
You cover ground very quickly.
You have extremely tough skin. (AC +3)
Your body sometimes deteriorates upon taking damage.
Your magical capacity is low. (-10% MP)


Message History

You block Fibo's ghost's attack.
Fibo's ghost hits you but does no damage.
You hit Fibo's ghost but do no damage.
You kick Fibo's ghost, but do no damage.
Fibo's ghost is almost destroyed.
You block Fibo's ghost's attack.
You hit Fibo's ghost but do no damage.
Fibo's ghost is almost destroyed.
Fibo's ghost hits you but does no damage.
You hit Fibo's ghost but do no damage.
Fibo's ghost is almost destroyed.
You block Fibo's ghost's attack. x2
You hit Fibo's ghost but do no damage.
Fibo's ghost is almost destroyed.
Fibo's ghost hits you!
* * * LOW HITPOINT WARNING * * *
You hit Fibo's ghost but do no damage.
Fibo's ghost is almost destroyed.
Fibo's ghost hits you!
You die...

....##.####### ##. ###.##.###...#
## # ##.#.....#.# #.#####
##........# #...... #.#####..#
######. ##.# #. # ##.## #. ###.##
##..###################.
...#####.......W@................
#.#......##..####.#.†#####.######
#...###### #.#..# #.# # ##..#
#.#..# ##.## # #..#
#>#..####...##### #..#
#.#........).(.(. #..#
#.#.<.###...##### #..#
#.#............# ...#
...#.####.###.#


You could see Fibo's ghost.

Vanquished Creatures
  Sigmund (D:3)
  4 gnolls
  2 worms (D:3)
  2 dart slugs (D:2)
  3 orcs (D:3)
  6 bats
  2 giant cockroaches
  4 hobgoblins
  3 jackals (D:3)
  A frilled lizard (D:1)
  4 kobolds
  3 rats
35 creatures vanquished.

Notes
Turn   | Place    | Note
-------+----------+-------------------------------------------
     0 | Abyss:1  | Gargoyl the Centaur Abyssal Knight began the quest for the Orb.
     0 | Abyss:1  | Reached XP level 1. HP: 19/19 MP: 2/2
    50 | Abyss:1  | Noticed a small abomination
    94 | Abyss:1  | Noticed a neqoxec
   100 | Abyss:1  | Noticed a quasit
   101 | Abyss:1  | Gained mutation: Your body sometimes deteriorates upon taking damage. [a neqoxec]
   104 | Abyss:1  | Gained mutation: Your magical capacity is low. (-10% MP) [a neqoxec]
   152 | Abyss:3  | Noticed a starcursed mass
   152 | D:1      | Escaped the Abyss
   728 | D:1      | Reached * piety under Lugonu
   845 | D:1      | Reached XP level 2. HP: 24/26 MP: 3/3
  1682 | D:2      | Reached XP level 3. HP: 31/31 MP: 4/4
  2671 | D:3      | Noticed Sigmund
  2697 | D:3      | Killed Sigmund
  2697 | D:3      | Reached skill level 4 in Fighting
  2697 | D:3      | Reached XP level 4. HP: 26/40 MP: 5/5
  2697 | D:3      | Reached XP level 5. HP: 30/46 MP: 6/6
  2934 | D:3      | Found a basalt altar of Yredelemnul.
  3257 | D:3      | Noticed Fibo's ghost (weakling DsFi)
  3282 | D:3      | Slain by Fibo's ghost

Skill      XL: |  1  2  3 |
---------------+----------+-----
Axes           | 2 |  2.6
Armour         | 2 3 |  3.1
Fighting       | 4 |  4.1
Invocations    | 3 |  3.1
Throwing       | |  0.2
Dodging        | |  0.8

Action                   |  1- 3 |  4- 6 || total
-------------------------+-------+-------++-------
Melee: Hand axe          |    92 |    55 ||   147
       Kick              |    15 |    19 ||    34
Throw: Tomahawk          |     3 |       ||     3
Invok: Depart the Abyss  |     1 |       ||     1
  Use: Scroll            |     8 |       ||     8
       Potion            |     5 |       ||     5
  Eat: Chunk             |     3 |     2 ||     5
Armor: Chain mail        |    94 |    22 ||   116
       Ring mail         |     6 |       ||     6
Dodge: Dodged            |    41 |     2 ||    43
Block: Large shield      |     3 |    28 ||    31
